Sharks vs Nordiques
Created - 1 novembre 2014 at 22:00
Goals
|
| Sharks |
1 |
0 |
0 |
1 |
| Nordiques |
1 |
0 |
1 |
2 |
|
Shots
|
| Sharks |
9 |
12 |
8 |
29 |
| Nordiques |
11 |
13 |
6 |
30 |
|
1st period
1. Sharks , Dany Heatley 10 (David Legwand, Daniel Alfredsson) at 2:05
2. Nordiques , Rickard Wallin 1 (Chris Pronger, Mattias Weinhandl) at 6:56
Penalties :
Dany Heatley (SJS) for Tripping (Minor) at 14:18
2nd period
No Goal
Penalties :
Francis Bouillon (SJS) for Tripping (Minor) at 15:24
3rd period
3. Nordiques , Peter Prucha 11 (Patrik Elias, Tyler Arnason) at 1:51 (PP)
Penalties :
Kyle Wellwood (SJS) for Slashing (Minor) at 0:38, Ted Purcell (SJS) for Roughing (Minor) at 4:27, Ted Purcell (SJS) for Holding (Minor) at 12:52, Mattias Weinhandl (Que) for Hooking (Minor) at 17:27
Goalie Stats
Tyler Weiman (SJS), 28 saves from 30 shots - (0,933), L, 6-9-0, 59:53 minutes
Jean-Sébastien Giguère (Que), 28 saves from 29 shots - (0,966), W, 6-6-1, 60:00 minutes
Players Stats for Sharks
Player Name G A P +/- PIM S H SB GA TA FO MP PP MP PK MP
------------------------------------------------------------------------------------
Adam Mair 0 0 0 -1 0 0 0 0 0 0 2/2 9:24 0:00 1:03
Alex Pietrangelo 0 0 0 0 0 1 1 1 0 0 0/0 15:26 1:16 0:00
Antoine Vermette 0 0 0 0 0 2 1 0 1 2 5/9 12:20 0:56 0:11
Brandon Yip 0 0 0 0 0 3 2 0 0 1 0/0 9:49 0:00 0:00
Curtis Glencross 0 0 0 -1 0 0 0 0 0 0 0/0 9:41 0:00 1:05
Daniel Alfredsson 0 1 1 1 0 3 1 0 0 0 0/0 22:38 1:03 2:21
Dany Heatley 1 0 1 1 2 4 2 1 0 0 4/9 24:05 1:03 4:18
David Hale 0 0 0 -1 0 2 1 0 0 1 0/0 20:05 0:00 3:16
David Legwand 0 1 1 1 0 0 0 0 1 3 16/30 21:49 1:03 5:14
Francis Bouillon 0 0 0 -1 2 3 1 3 0 1 0/0 19:44 0:43 2:32
Johnny Boychuk 0 0 0 1 0 0 1 1 0 2 0/0 23:42 0:43 0:44
Kyle Wellwood 0 0 0 0 2 3 4 0 0 1 5/6 15:25 0:00 1:46
Lasse Kukkonen 0 0 0 1 0 1 1 0 0 0 0/0 25:16 1:16 5:53
Markus Naslund 0 0 0 0 0 1 1 0 1 0 0/0 12:20 0:56 0:11
Martin Samuelsson 0 0 0 0 0 1 2 0 0 0 2/2 12:13 0:00 2:09
Niklas Sundstrom 0 0 0 -1 0 3 0 0 0 1 0/0 8:21 0:00 0:00
Shaone Morrisonn 0 0 0 0 0 1 1 1 0 0 0/0 15:46 0:00 5:53
Ted Purcell 0 0 0 0 4 1 0 0 0 1 0/0 12:42 0:56 0:00
Players Stats for Nordiques
Player Name G A P +/- PIM S H SB GA TA FO MP PP MP PK MP
------------------------------------------------------------------------------------
Andrei Kostitsyn 0 0 0 -1 0 5 0 3 3 0 3/3 21:51 4:21 0:09
Brooks Laich 0 0 0 -1 0 3 0 0 1 0 18/34 21:47 4:21 1:03
Bryan McCabe 0 0 0 1 0 1 2 1 2 1 0/0 27:24 5:19 1:05
Chris Pronger 0 1 1 1 0 0 0 1 0 0 0/0 27:24 5:19 1:05
Ed Jovanovski 0 0 0 -1 0 1 0 2 0 0 0/0 13:08 0:00 0:00
Jeff Halpern 0 0 0 0 0 0 0 0 0 0 0/2 7:25 0:25 0:18
Jordan Eberle 0 0 0 -1 0 3 5 0 0 0 0/2 21:43 4:21 0:29
Jordan Leopold 0 0 0 0 0 2 0 1 0 0 0/0 19:28 3:50 0:54
Matt Ellison 0 0 0 0 0 0 1 0 0 0 0/0 8:30 0:25 0:30
Matt Smaby 0 0 0 0 0 1 1 1 0 0 0/0 19:28 3:50 0:54
Mattias Weinhandl 0 1 1 1 2 1 0 0 0 0 0/1 11:02 0:00 0:00
Nick Schultz 0 0 0 -1 0 0 1 0 0 1 0/0 13:08 0:00 0:00
Patrik Elias 0 1 1 0 0 3 1 0 2 0 0/1 18:24 4:23 0:00
Peter Prucha 1 0 1 0 0 4 0 0 2 0 0/1 18:42 4:23 0:00
Rickard Wallin 1 0 1 1 0 1 2 0 0 0 0/4 10:48 0:00 0:00
Ryan Bayda 0 0 0 0 0 2 1 0 1 0 0/0 7:07 0:25 0:00
Sergei Samsonov 0 0 0 1 0 0 0 0 0 0 0/0 11:48 0:00 1:00
Tyler Arnason 0 1 1 0 0 3 0 0 2 1 3/10 18:53 4:23 0:29
3 Stars
1 - Jean-Sébastien Giguère (Que)
2 - Rickard Wallin (Que)
3 - Dany Heatley (SJS)
Power Play
Sharks - 0 on 1 Attempt(s) - 0,00%
Nordiques - 1 on 5 Attempt(s) - 20,00%
Penalty Kill
Sharks - 4 on 5 Attempt(s) - 80,00%
- Score 0 goal in Penalty Kill
Nordiques - 1 on 1 Attempt(s) - 100,00%
- Score 0 goal in Penalty Kill
Official
Referees : Walkom Stephen and StLaurent Francois
Linesman : Scott Driscoll and Mark Pare
Game Notes
No Game Note
Finance
Level 1 -- Attendance: 5777 (96,28%) -- Ticket Income 491 045 $
Level 2 -- Attendance: 4488 (89,76%) -- Ticket Income 224 400 $
Level 3 -- Attendance: 1279 (63,95%) -- Ticket Income 51 160 $
Level 4 -- Attendance: 2735 (68,38%) -- Ticket Income 68 375 $
Luxury Box -- Attendance: 895 (89,50%) -- Ticket Income 129 775 $
Game was played at the Colisé Pepsi
Total Attendance: 15174 (84,30%)
Total Ticket Income: 964 755 $
Other Income: 144 713 $
Total Income: 1 109 468 $
Sharks
5 vs 5 Forward
Center Left Wing Right Wing Time % Phy DF OF
1 David Legwand Dany Heatley Daniel Alfredsson 40 1 2 2
2 Antoine Vermette Markus Naslund Ted Purcell 30 1 2 2
3 Kyle Wellwood Martin Samuelsson Brandon Yip 20 1 2 2
4 Adam Mair Curtis Glencross Niklas Sundstrom 10 1 2 2
5 vs 5 Defense
Defense Defense Time % Phy DF OF
1 Lasse Kukkonen Johnny Boychuk 40 1 3 1
2 David Hale Francis Bouillon 30 1 3 1
3 Alex Pietrangelo Shaone Morrisonn 20 1 3 1
4 Lasse Kukkonen Johnny Boychuk 10 1 3 1
PowerPlay Forward
Center Left Wing Right Wing Time % Phy DF OF
1 David Legwand Dany Heatley Daniel Alfredsson 60 1 2 2
2 Antoine Vermette Markus Naslund Ted Purcell 40 1 2 2
PowerPlay Defense
Defense Defense Time % Phy DF OF
1 Lasse Kukkonen Alex Pietrangelo 60 1 2 2
2 Johnny Boychuk Francis Bouillon 40 1 2 2
Penalty Kill 4 Players Forward
Center Wing Time % Phy DF OF
1 Dany Heatley David Legwand 60 1 3 1
2 Kyle Wellwood Daniel Alfredsson 40 1 3 1
Penalty Kill 4 Players Defense
Defense Defense Time % Phy DF OF
1 Lasse Kukkonen Shaone Morrisonn 60 1 4 0
2 David Hale Francis Bouillon 40 1 4 0
Penalty Kill - 3 Players Forward
Forward Time % Phy DF OF
1 Dany Heatley 60 1 4 0
2 Kyle Wellwood 40 1 4 0
Penalty Kill - 3 Players Defense
Defense Defense Time % Phy DF OF
1 Lasse Kukkonen Shaone Morrisonn 60 1 4 0
2 David Hale Francis Bouillon 40 1 4 0
4 vs 4 Forward
Center Wing Time % Phy DF OF
1 Dany Heatley David Legwand 60 1 2 2
2 Antoine Vermette Daniel Alfredsson 40 1 2 2
4 vs 4 Defense
Defense Defense Time % Phy DF OF
1 Lasse Kukkonen Johnny Boychuk 60 1 3 1
2 David Hale Francis Bouillon 40 1 3 1
Last Minutes Offensive
Center Left Wing Right Wing Defense Defense
David Legwand Dany Heatley Daniel Alfredsson Lasse Kukkonen Alex Pietrangelo
Last Minutes Defensive
Center Left Wing Right Wing Defense Defense
David Legwand Dany Heatley Daniel Alfredsson Lasse Kukkonen Shaone Morrisonn
Goaltenders
Starting : Tyler Weiman
Backup : Mike Brodeur
Extra Forwards
Normal : Kyle Wellwood, Brandon Yip, Martin Samuelsson - PP : Kyle Wellwood, Brandon Yip - PK : Martin Samuelsson
Extra Defensemen
Normal : Alex Pietrangelo, Shaone Morrisonn, David Hale - PP : Johnny Boychuk - PK : Shaone Morrisonn, David Hale
Penalty Shots
Dany Heatley, David Legwand, Antoine Vermette, Daniel Alfredsson, Ted Purcell
Nordiques
5 vs 5 Forward
Center Left Wing Right Wing Time % Phy DF OF
1 Brooks Laich Andrei Kostitsyn Jordan Eberle 40 0 2 3
2 Tyler Arnason Patrik Elias Peter Prucha 30 0 2 3
3 Rickard Wallin Sergei Samsonov Mattias Weinhandl 20 1 2 2
4 Jeff Halpern Ryan Bayda Matt Ellison 10 1 2 2
5 vs 5 Defense
Defense Defense Time % Phy DF OF
1 Chris Pronger Bryan McCabe 40 0 2 3
2 Matt Smaby Jordan Leopold 30 0 2 3
3 Ed Jovanovski Nick Schultz 20 1 2 2
4 Chris Pronger Bryan McCabe 10 1 2 2
PowerPlay Forward
Center Left Wing Right Wing Time % Phy DF OF
1 Brooks Laich Andrei Kostitsyn Jordan Eberle 60 0 1 4
2 Tyler Arnason Patrik Elias Peter Prucha 40 0 1 4
PowerPlay Defense
Defense Defense Time % Phy DF OF
1 Chris Pronger Bryan McCabe 60 0 2 3
2 Matt Smaby Jordan Leopold 40 0 2 3
Penalty Kill 4 Players Forward
Center Wing Time % Phy DF OF
1 Brooks Laich Sergei Samsonov 60 1 3 1
2 Tyler Arnason Jordan Eberle 40 1 3 1
Penalty Kill 4 Players Defense
Defense Defense Time % Phy DF OF
1 Chris Pronger Bryan McCabe 60 1 3 1
2 Matt Smaby Jordan Leopold 40 1 3 1
Penalty Kill - 3 Players Forward
Forward Time % Phy DF OF
1 Sergei Samsonov 60 1 3 1
2 Jordan Eberle 40 1 3 1
Penalty Kill - 3 Players Defense
Defense Defense Time % Phy DF OF
1 Chris Pronger Bryan McCabe 60 1 3 1
2 Matt Smaby Jordan Leopold 40 1 3 1
4 vs 4 Forward
Center Wing Time % Phy DF OF
1 Brooks Laich Andrei Kostitsyn 60 0 2 3
2 Tyler Arnason Patrik Elias 40 0 2 3
4 vs 4 Defense
Defense Defense Time % Phy DF OF
1 Chris Pronger Bryan McCabe 60 1 2 2
2 Matt Smaby Jordan Leopold 40 1 2 2
Last Minutes Offensive
Center Left Wing Right Wing Defense Defense
Brooks Laich Andrei Kostitsyn Jordan Eberle Chris Pronger Bryan McCabe
Last Minutes Defensive
Center Left Wing Right Wing Defense Defense
Brooks Laich Andrei Kostitsyn Jordan Eberle Chris Pronger Bryan McCabe
Goaltenders
Starting : Jean-Sébastien Giguère
Backup : Mike Smith
Extra Forwards
Normal : Peter Prucha, Jordan Eberle, Andrei Kostitsyn - PP : Peter Prucha, Jordan Eberle - PK : Matt Ellison
Extra Defensemen
Normal : Ed Jovanovski, Bryan McCabe, Matt Smaby - PP : Ed Jovanovski - PK : Nick Schultz, Matt Smaby
Penalty Shots
Andrei Kostitsyn, Sergei Samsonov, Jordan Eberle, Peter Prucha, Patrik Elias
% Time on Ice - Sharks
Lines # - Real PCT - Wanted PCT - Time Play
Normal Forward
1 - 33% - 40% - 15:47
2 - 31% - 30% - 15:11
3 - 19% - 20% - 9:14
4 - 17% - 10% - 8:21
Normal Defense
1 - 41% - 40% - 19:49
2 - 34% - 30% - 16:30
3 - 19% - 20% - 9:19
4 - 6% - 10% - 2:55
PP Forward
1 - 53% - 60% - 1:03
2 - 47% - 40% - 0:56
PP Defense
1 - 64% - 60% - 1:16
2 - 36% - 40% - 0:43
PK Forward
1 - 74% - 60% - 6:48
2 - 26% - 40% - 2:21
PK Defense
1 - 64% - 60% - 5:53
2 - 36% - 40% - 3:16
PK3 Forward
1 - 0% - 60%
2 - 0% - 40%
PK3 Defense
1 - 0% - 60%
2 - 0% - 40%
44 Forward
1 - 0% - 60%
2 - 0% - 40%
44 Defense
1 - 0% - 60%
2 - 0% - 40%
Last Minute Offensive - 0:19
Last Minute Defensive - 0:00
Total
Forward - 60:00
Defense - 60:00
|
% Time on Ice - Nordiques
Lines # - Real PCT - Wanted PCT - Time Play
Normal Forward
1 - 34% - 40% - 16:25
2 - 30% - 30% - 14:39
3 - 22% - 20% - 10:48
4 - 14% - 10% - 6:42
Normal Defense
1 - 37% - 40% - 18:07
2 - 30% - 30% - 14:44
3 - 27% - 20% - 13:08
4 - 5% - 10% - 2:35
PP Forward
1 - 52% - 60% - 4:46
2 - 48% - 40% - 4:23
PP Defense
1 - 58% - 60% - 5:19
2 - 42% - 40% - 3:50
PK Forward
1 - 76% - 60% - 1:30
2 - 24% - 40% - 0:29
PK Defense
1 - 55% - 60% - 1:05
2 - 45% - 40% - 0:54
PK3 Forward
1 - 0% - 60%
2 - 0% - 40%
PK3 Defense
1 - 0% - 60%
2 - 0% - 40%
44 Forward
1 - 0% - 60%
2 - 0% - 40%
44 Defense
1 - 0% - 60%
2 - 0% - 40%
Last Minute Offensive - 0:00
Last Minute Defensive - 0:18
Total
Forward - 60:00
Defense - 60:00
|
Play by Play
1st period
0:01 of 1st period - Brooks Laich wins face-off versus David Legwand in neutral zone.
0:12 of 1st period - Snap shot by Jordan Eberle.
0:12 of 1st period - Deflect By Andrei Kostitsyn.
0:12 of 1st period - Stopped by Tyler Weiman with a rebound.
0:14 of 1st period - Slapshot by Bryan McCabe.
0:14 of 1st period - Shot Blocked by Dany Heatley.
0:16 of 1st period - Snap shot by Jordan Eberle.
0:16 of 1st period - Stopped by Tyler Weiman without a rebound.
0:17 of 1st period - Antoine Vermette wins face-off versus Tyler Arnason in Sharks zone.
0:42 of 1st period - David Hale is hit by Rickard Wallin.
1:08 of 1st period - Snap shot by Brooks Laich.
1:08 of 1st period - Stopped by Tyler Weiman with a rebound.
1:43 of 1st period - Slapshot by Bryan McCabe.
1:43 of 1st period - Stopped by Tyler Weiman with a rebound.
1:45 of 1st period - Slapshot by Tyler Arnason.
1:45 of 1st period - Shot Misses the Net.
1:51 of 1st period - Snap shot by Peter Prucha.
1:51 of 1st period - Stopped by Tyler Weiman with a rebound.
1:53 of 1st period - Slapshot by Ed Jovanovski.
1:53 of 1st period - Stopped by Tyler Weiman without a rebound.
1:54 of 1st period - David Legwand wins face-off versus Brooks Laich in Sharks zone.
2:03 of 1st period - Wrist shot by David Legwand.
2:03 of 1st period - Shot Misses the Net.
2:05 of 1st period - Wrist shot by Dany Heatley.
2:05 of 1st period - Goal by Dany Heatley - Sharks : 1 - Nordiques : 0.
2:06 of 1st period - Kyle Wellwood wins face-off versus Rickard Wallin in neutral zone.
2:33 of 1st period - Jordan Eberle is hit by Dany Heatley and loses puck.
3:36 of 1st period - Mattias Weinhandl is hit by Kyle Wellwood and loses puck.
4:05 of 1st period - Jordan Eberle is hit by Francis Bouillon and loses puck.
4:22 of 1st period - Slapshot by Tyler Arnason.
4:22 of 1st period - Stopped by Tyler Weiman with a rebound.
4:38 of 1st period - Wrist shot by Ryan Bayda.
4:38 of 1st period - Stopped by Tyler Weiman with a rebound.
4:40 of 1st period - Slapshot by Matt Ellison.
4:40 of 1st period - Deflect By Ryan Bayda.
4:40 of 1st period - Shot Misses the Net.
4:40 of 1st period - Puck is out of play.
4:41 of 1st period - Adam Mair wins face-off versus Brooks Laich in Sharks zone.
4:47 of 1st period - Niklas Sundstrom is hit by Jordan Eberle and loses puck.
5:26 of 1st period - Wrist shot by Adam Mair.
5:26 of 1st period - Shot Misses the Net.
5:32 of 1st period - Francis Bouillon is hit by Bryan McCabe and loses puck.
6:17 of 1st period - Snap shot by Francis Bouillon.
6:17 of 1st period - Stopped by Jean-Sébastien Giguère with a rebound.
6:54 of 1st period - Slapshot by Chris Pronger.
6:54 of 1st period - Shot Blocked by Francis Bouillon.
6:56 of 1st period - Snap shot by Rickard Wallin.
6:56 of 1st period - Goal by Rickard Wallin - Sharks : 1 - Nordiques : 1.
6:57 of 1st period - David Legwand wins face-off versus Brooks Laich in neutral zone.
7:33 of 1st period - Icing by Lasse Kukkonen.
7:34 of 1st period - Antoine Vermette wins face-off versus Tyler Arnason in Sharks zone.
7:49 of 1st period - Snap shot by Peter Prucha.
7:49 of 1st period - Shot Blocked by Johnny Boychuk.
8:41 of 1st period - Wrist shot by Daniel Alfredsson.
8:41 of 1st period - Stopped by Jean-Sébastien Giguère without a rebound.
8:42 of 1st period - Brooks Laich wins face-off versus David Legwand in Nordiques zone.
9:33 of 1st period - Wrist shot by Brandon Yip.
9:33 of 1st period - Stopped by Jean-Sébastien Giguère without a rebound.
9:34 of 1st period - Martin Samuelsson wins face-off versus Jeff Halpern in Nordiques zone.
9:49 of 1st period - Wrist shot by Kyle Wellwood.
9:49 of 1st period - Stopped by Jean-Sébastien Giguère without a rebound.
9:50 of 1st period - Brooks Laich wins face-off versus David Legwand in Nordiques zone.
10:43 of 1st period - Chris Pronger is hit by Brandon Yip.
11:10 of 1st period - Francis Bouillon is hit by Matt Ellison and loses puck.
11:47 of 1st period - Matt Smaby is hit by Dany Heatley and loses puck.
11:58 of 1st period - Icing by Johnny Boychuk.
11:59 of 1st period - David Legwand wins face-off versus Brooks Laich in Sharks zone.
12:09 of 1st period - Daniel Alfredsson is hit by Bryan McCabe and loses puck.
13:38 of 1st period - Wrist shot by Dany Heatley.
13:38 of 1st period - Shot Blocked by Ed Jovanovski.
13:52 of 1st period - Snap shot by Tyler Arnason.
13:52 of 1st period - Stopped by Tyler Weiman without a rebound.
13:53 of 1st period - Tyler Arnason wins face-off versus Antoine Vermette in Sharks zone.
14:00 of 1st period - Snap shot by Ted Purcell.
14:00 of 1st period - Deflect By Antoine Vermette.
14:00 of 1st period - Stopped by Jean-Sébastien Giguère without a rebound.
14:01 of 1st period - Brooks Laich wins face-off versus Antoine Vermette in Nordiques zone.
14:01 of 1st period - Brooks Laich is hit by Antoine Vermette.
14:07 of 1st period - Wrist shot by Antoine Vermette.
14:07 of 1st period - Stopped by Jean-Sébastien Giguère without a rebound.
14:08 of 1st period - David Legwand wins face-off versus Brooks Laich in Nordiques zone.
14:18 of 1st period - Minor Penalty to Dany Heatley for Tripping.
14:19 of 1st period - Martin Samuelsson wins face-off versus Brooks Laich in Sharks zone.
15:51 of 1st period - Peter Prucha is hit by Martin Samuelsson and loses puck.
16:16 of 1st period - Peter Prucha is hit by Kyle Wellwood and loses puck.
16:18 of 1st period - Penalty to Dany Heatley is over, Dany Heatley is back on ice.
17:04 of 1st period - Nick Schultz is hit by Kyle Wellwood and loses puck.
17:33 of 1st period - Wrist shot by Dany Heatley.
17:33 of 1st period - Shot Misses the Net.
17:43 of 1st period - Slapshot by Daniel Alfredsson.
17:43 of 1st period - Stopped by Jean-Sébastien Giguère with a rebound.
18:09 of 1st period - Snap shot by Dany Heatley.
18:09 of 1st period - Stopped by Jean-Sébastien Giguère with a rebound.
18:41 of 1st period - Wrist shot by Patrik Elias.
18:41 of 1st period - Shot Misses the Net.
18:43 of 1st period - Snap shot by Patrik Elias.
18:43 of 1st period - Stopped by Tyler Weiman with a rebound.
18:45 of 1st period - Snap shot by Patrik Elias.
18:45 of 1st period - Shot Misses the Net.
19:06 of 1st period - Icing by Alex Pietrangelo.
19:07 of 1st period - Kyle Wellwood wins face-off versus Brooks Laich in Sharks zone.
19:07 of 1st period - Kyle Wellwood is hit by Jordan Eberle.
19:15 of 1st period - Chris Pronger is hit by Kyle Wellwood and loses puck.
Goals for this period are 1 for Sharks vs 1 for Nordiques.
Shots for this period are 9 for Sharks vs 11 for Nordiques.
2nd period
0:01 of 2nd period - Brooks Laich wins face-off versus David Legwand in neutral zone.
0:04 of 2nd period - Daniel Alfredsson is hit by Jordan Eberle and loses puck.
0:11 of 2nd period - Snap shot by Andrei Kostitsyn.
0:11 of 2nd period - Stopped by Tyler Weiman without a rebound.
0:12 of 2nd period - Andrei Kostitsyn wins face-off versus Dany Heatley in Sharks zone.
0:46 of 2nd period - Off-side.
0:47 of 2nd period - David Legwand wins face-off versus Rickard Wallin in neutral zone.
2:42 of 2nd period - Wrist shot by Kyle Wellwood.
2:42 of 2nd period - Shot Misses the Net.
3:04 of 2nd period - Snap shot by Curtis Glencross.
3:04 of 2nd period - Shot Misses the Net.
3:06 of 2nd period - Slapshot by Lasse Kukkonen.
3:06 of 2nd period - Shot Misses the Net.
3:47 of 2nd period - Rickard Wallin is hit by Alex Pietrangelo and loses puck.
4:00 of 2nd period - Mattias Weinhandl is hit by David Hale.
4:18 of 2nd period - Snap shot by Mattias Weinhandl.
4:18 of 2nd period - Stopped by Tyler Weiman without a rebound.
4:19 of 2nd period - Brooks Laich wins face-off versus Antoine Vermette in Sharks zone.
4:44 of 2nd period - Alex Pietrangelo is hit by Patrik Elias and loses puck.
5:15 of 2nd period - Slapshot by Niklas Sundstrom.
5:15 of 2nd period - Stopped by Jean-Sébastien Giguère with a rebound.
5:31 of 2nd period - Snap shot by Brooks Laich.
5:31 of 2nd period - Shot Misses the Net.
5:33 of 2nd period - Slapshot by Jordan Leopold.
5:33 of 2nd period - Stopped by Tyler Weiman without a rebound.
5:34 of 2nd period - Brooks Laich wins face-off versus David Legwand in Sharks zone.
6:22 of 2nd period - Slapshot by Adam Mair.
6:22 of 2nd period - Shot Blocked by Chris Pronger.
6:41 of 2nd period - Icing by Bryan McCabe.
6:42 of 2nd period - Antoine Vermette wins face-off versus Tyler Arnason in Nordiques zone.
6:47 of 2nd period - Snap shot by Ted Purcell.
6:47 of 2nd period - Stopped by Jean-Sébastien Giguère with a rebound.
6:49 of 2nd period - Slapshot by Lasse Kukkonen.
6:49 of 2nd period - Stopped by Jean-Sébastien Giguère without a rebound.
6:50 of 2nd period - Andrei Kostitsyn wins face-off versus David Legwand in Nordiques zone.
7:16 of 2nd period - Icing by Johnny Boychuk.
7:17 of 2nd period - Tyler Arnason wins face-off versus Kyle Wellwood in Sharks zone.
7:42 of 2nd period - Dany Heatley is hit by Jordan Eberle and loses puck.
7:47 of 2nd period - Backhand shot by Andrei Kostitsyn.
7:47 of 2nd period - Shot Misses the Net.
7:49 of 2nd period - Slapshot by Chris Pronger.
7:49 of 2nd period - Shot Misses the Net.
7:51 of 2nd period - Snap shot by Andrei Kostitsyn.
7:51 of 2nd period - Stopped by Tyler Weiman with a rebound.
8:22 of 2nd period - Slapshot by Curtis Glencross.
8:22 of 2nd period - Shot Misses the Net.
8:24 of 2nd period - Slapshot by Francis Bouillon.
8:24 of 2nd period - Stopped by Jean-Sébastien Giguère with a rebound.
8:26 of 2nd period - Slapshot by Francis Bouillon.
8:26 of 2nd period - Shot Misses the Net.
8:28 of 2nd period - Slapshot by David Hale.
8:28 of 2nd period - Stopped by Jean-Sébastien Giguère without a rebound.
8:29 of 2nd period - Brooks Laich wins face-off versus David Legwand in Nordiques zone.
8:38 of 2nd period - Snap shot by David Legwand.
8:38 of 2nd period - Shot Blocked by Andrei Kostitsyn.
8:56 of 2nd period - Snap shot by Mattias Weinhandl.
8:56 of 2nd period - Shot Misses the Net.
9:02 of 2nd period - Wrist shot by David Legwand.
9:02 of 2nd period - Shot Blocked by Ed Jovanovski.
9:04 of 2nd period - Slapshot by David Hale.
9:04 of 2nd period - Stopped by Jean-Sébastien Giguère without a rebound.
9:05 of 2nd period - Kyle Wellwood wins face-off versus Brooks Laich in Nordiques zone.
9:10 of 2nd period - Snap shot by Kyle Wellwood.
9:10 of 2nd period - Stopped by Jean-Sébastien Giguère without a rebound.
9:11 of 2nd period - Kyle Wellwood wins face-off versus Jordan Eberle in Nordiques zone.
9:24 of 2nd period - Snap shot by Brandon Yip.
9:24 of 2nd period - Deflect By Kyle Wellwood.
9:24 of 2nd period - Stopped by Jean-Sébastien Giguère with a rebound.
10:19 of 2nd period - Snap shot by Adam Mair.
10:19 of 2nd period - Shot Misses the Net.
10:21 of 2nd period - Slapshot by Niklas Sundstrom.
10:21 of 2nd period - Stopped by Jean-Sébastien Giguère with a rebound.
10:23 of 2nd period - Slapshot by Shaone Morrisonn.
10:23 of 2nd period - Stopped by Jean-Sébastien Giguère without a rebound.
10:24 of 2nd period - Brooks Laich wins face-off versus David Legwand in Nordiques zone.
10:33 of 2nd period - Snap shot by Dany Heatley.
10:33 of 2nd period - Stopped by Jean-Sébastien Giguère with a rebound.
10:35 of 2nd period - Slapshot by Daniel Alfredsson.
10:35 of 2nd period - Stopped by Jean-Sébastien Giguère without a rebound.
10:36 of 2nd period - David Legwand wins face-off versus Brooks Laich in Nordiques zone.
11:03 of 2nd period - Peter Prucha is hit by Lasse Kukkonen and loses puck.
11:22 of 2nd period - Markus Naslund is hit by Matt Smaby.
11:26 of 2nd period - Wrist shot by Ryan Bayda.
11:26 of 2nd period - Stopped by Tyler Weiman with a rebound.
11:28 of 2nd period - Slapshot by Matt Smaby.
11:28 of 2nd period - Stopped by Tyler Weiman with a rebound.
12:08 of 2nd period - Off-side.
12:09 of 2nd period - Brooks Laich wins face-off versus David Legwand in neutral zone.
12:12 of 2nd period - Slapshot by Matt Smaby.
12:12 of 2nd period - Deflect By Andrei Kostitsyn.
12:12 of 2nd period - Stopped by Tyler Weiman with a rebound.
12:14 of 2nd period - Slapshot by Matt Smaby.
12:14 of 2nd period - Shot Misses the Net.
12:16 of 2nd period - Snap shot by Jordan Eberle.
12:16 of 2nd period - Stopped by Tyler Weiman without a rebound.
12:17 of 2nd period - Brooks Laich wins face-off versus David Legwand in Sharks zone.
12:28 of 2nd period - Snap shot by Andrei Kostitsyn.
12:28 of 2nd period - Stopped by Tyler Weiman with a rebound.
12:30 of 2nd period - Snap shot by Brooks Laich.
12:30 of 2nd period - Stopped by Tyler Weiman without a rebound.
12:31 of 2nd period - David Legwand wins face-off versus Brooks Laich in Sharks zone.
13:06 of 2nd period - Wrist shot by Tyler Arnason.
13:06 of 2nd period - Stopped by Tyler Weiman with a rebound.
14:05 of 2nd period - Snap shot by Jordan Eberle.
14:05 of 2nd period - Deflect By Andrei Kostitsyn.
14:05 of 2nd period - Shot Misses the Net.
14:05 of 2nd period - Puck is out of play.
14:06 of 2nd period - Brooks Laich wins face-off versus David Legwand in Sharks zone.
14:07 of 2nd period - Snap shot by Andrei Kostitsyn.
14:07 of 2nd period - Shot Misses the Net.
14:18 of 2nd period - Icing by Matt Smaby.
14:19 of 2nd period - Brooks Laich wins face-off versus Dany Heatley in Nordiques zone.
15:24 of 2nd period - Minor Penalty to Francis Bouillon for Tripping.
15:25 of 2nd period - Brooks Laich wins face-off versus Dany Heatley in Sharks zone.
15:29 of 2nd period - Snap shot by Brooks Laich.
15:29 of 2nd period - Stopped by Tyler Weiman with a rebound.
15:31 of 2nd period - Slapshot by Jordan Eberle.
15:31 of 2nd period - Stopped by Tyler Weiman without a rebound.
15:32 of 2nd period - Dany Heatley wins face-off versus Brooks Laich in Sharks zone.
15:43 of 2nd period - Snap shot by Andrei Kostitsyn.
15:43 of 2nd period - Shot Blocked by Shaone Morrisonn.
15:45 of 2nd period - Slapshot by Chris Pronger.
15:45 of 2nd period - Shot Misses the Net.
15:47 of 2nd period - Slapshot by Bryan McCabe.
15:47 of 2nd period - Shot Misses the Net.
17:04 of 2nd period - Andrei Kostitsyn is hit by Shaone Morrisonn and loses puck.
17:24 of 2nd period - Penalty to Francis Bouillon is over, Francis Bouillon is back on ice.
17:27 of 2nd period - Bryan McCabe is hit by Markus Naslund and loses puck.
19:32 of 2nd period - Francis Bouillon is hit by Jordan Eberle and loses puck.
19:50 of 2nd period - Snap shot by Daniel Alfredsson.
19:50 of 2nd period - Deflect By Dany Heatley.
19:50 of 2nd period - Shot Misses the Net.
19:50 of 2nd period - Puck is out of play.
19:51 of 2nd period - David Legwand wins face-off versus Tyler Arnason in Nordiques zone.
Goals for this period are 0 for Sharks vs 0 for Nordiques.
Shots for this period are 12 for Sharks vs 13 for Nordiques.
3rd period
0:01 of 3rd period - David Legwand wins face-off versus Brooks Laich in neutral zone.
0:05 of 3rd period - Off-side.
0:06 of 3rd period - David Legwand wins face-off versus Brooks Laich in neutral zone.
0:38 of 3rd period - Minor Penalty to Kyle Wellwood for Slashing.
0:39 of 3rd period - Dany Heatley wins face-off versus Brooks Laich in Sharks zone.
1:13 of 3rd period - Wrist shot by Patrik Elias.
1:13 of 3rd period - Stopped by Tyler Weiman without a rebound.
1:14 of 3rd period - Dany Heatley wins face-off versus Patrik Elias in Sharks zone.
1:51 of 3rd period - Wrist shot by Peter Prucha.
1:51 of 3rd period - Goal by Peter Prucha - Sharks : 1 - Nordiques : 2.
1:52 of 3rd period - Brooks Laich wins face-off versus David Legwand in neutral zone.
2:05 of 3rd period - Chris Pronger is hit by Johnny Boychuk.
2:26 of 3rd period - Snap shot by Brandon Yip.
2:26 of 3rd period - Stopped by Jean-Sébastien Giguère without a rebound.
2:27 of 3rd period - David Legwand wins face-off versus Peter Prucha in Nordiques zone.
2:40 of 3rd period - Snap shot by Dany Heatley.
2:40 of 3rd period - Shot Misses the Net.
3:17 of 3rd period - Kyle Wellwood is hit by Rickard Wallin and loses puck.
3:44 of 3rd period - Snap shot by Tyler Arnason.
3:44 of 3rd period - Shot Misses the Net.
4:06 of 3rd period - Dany Heatley is hit by Ryan Bayda and loses puck.
4:25 of 3rd period - Slapshot by Jordan Leopold.
4:25 of 3rd period - Deflect By Antoine Vermette.
4:25 of 3rd period - Stopped by Tyler Weiman with a rebound.
4:27 of 3rd period - Minor Penalty to Ted Purcell for Roughing.
4:28 of 3rd period - Brooks Laich wins face-off versus Dany Heatley in Sharks zone.
4:35 of 3rd period - Slapshot by Chris Pronger.
4:35 of 3rd period - Shot Misses the Net.
5:21 of 3rd period - Backhand shot by Bryan McCabe.
5:21 of 3rd period - Deflect By Andrei Kostitsyn.
5:21 of 3rd period - Shot Blocked by Francis Bouillon.
5:21 of 3rd period - Puck is out of play.
5:22 of 3rd period - Andrei Kostitsyn wins face-off versus Dany Heatley in Sharks zone.
5:23 of 3rd period - Slapshot by Jordan Leopold.
5:23 of 3rd period - Shot Misses the Net.
5:25 of 3rd period - Slapshot by Jordan Leopold.
5:25 of 3rd period - Shot Misses the Net.
5:27 of 3rd period - Slapshot by Brooks Laich.
5:27 of 3rd period - Shot Misses the Net.
6:27 of 3rd period - Penalty to Ted Purcell is over, Ted Purcell is back on ice.
6:53 of 3rd period - Snap shot by Brooks Laich.
6:53 of 3rd period - Shot Misses the Net.
6:55 of 3rd period - Snap shot by Jordan Eberle.
6:55 of 3rd period - Deflect By Brooks Laich.
6:55 of 3rd period - Shot Misses the Net.
6:55 of 3rd period - Puck is out of play.
6:56 of 3rd period - Adam Mair wins face-off versus Tyler Arnason in Sharks zone.
7:06 of 3rd period - Slapshot by Peter Prucha.
7:06 of 3rd period - Deflect By Patrik Elias.
7:06 of 3rd period - Deflect By Alex Pietrangelo.
7:06 of 3rd period - Stopped by Tyler Weiman without a rebound.
7:07 of 3rd period - Tyler Arnason wins face-off versus Antoine Vermette in Sharks zone.
8:19 of 3rd period - Snap shot by Peter Prucha.
8:19 of 3rd period - Stopped by Tyler Weiman without a rebound.
8:20 of 3rd period - David Legwand wins face-off versus Tyler Arnason in Sharks zone.
8:33 of 3rd period - Snap shot by David Legwand.
8:33 of 3rd period - Shot Misses the Net.
8:45 of 3rd period - Chris Pronger is hit by Brandon Yip and loses puck.
8:52 of 3rd period - Wrist shot by Brandon Yip.
8:52 of 3rd period - Shot Misses the Net.
8:54 of 3rd period - Wrist shot by Brandon Yip.
8:54 of 3rd period - Stopped by Jean-Sébastien Giguère with a rebound.
8:56 of 3rd period - Slapshot by Francis Bouillon.
8:56 of 3rd period - Shot Misses the Net.
8:58 of 3rd period - Snap shot by Brandon Yip.
8:58 of 3rd period - Shot Misses the Net.
9:08 of 3rd period - Slapshot by Niklas Sundstrom.
9:08 of 3rd period - Stopped by Jean-Sébastien Giguère with a rebound.
9:28 of 3rd period - Wrist shot by Peter Prucha.
9:28 of 3rd period - Stopped by Tyler Weiman without a rebound.
9:29 of 3rd period - David Legwand wins face-off versus Brooks Laich in Sharks zone.
9:37 of 3rd period - Icing by Matt Smaby.
9:38 of 3rd period - David Legwand wins face-off versus Brooks Laich in Nordiques zone.
9:47 of 3rd period - Wrist shot by David Legwand.
9:47 of 3rd period - Shot Blocked by Andrei Kostitsyn.
9:49 of 3rd period - Slapshot by Francis Bouillon.
9:49 of 3rd period - Stopped by Jean-Sébastien Giguère with a rebound.
9:51 of 3rd period - Wrist shot by Francis Bouillon.
9:51 of 3rd period - Shot Misses the Net.
9:53 of 3rd period - Wrist shot by Daniel Alfredsson.
9:53 of 3rd period - Shot Misses the Net.
9:55 of 3rd period - Wrist shot by Dany Heatley.
9:55 of 3rd period - Shot Blocked by Matt Smaby.
9:59 of 3rd period - Snap shot by David Legwand.
9:59 of 3rd period - Shot Misses the Net.
10:01 of 3rd period - Wrist shot by Francis Bouillon.
10:01 of 3rd period - Shot Blocked by Jordan Leopold.
10:05 of 3rd period - Wrist shot by David Legwand.
10:05 of 3rd period - Deflect By Dany Heatley.
10:05 of 3rd period - Shot Blocked by Andrei Kostitsyn.
10:05 of 3rd period - Puck is out of play.
10:06 of 3rd period - Antoine Vermette wins face-off versus Rickard Wallin in Nordiques zone.
10:23 of 3rd period - Icing by Sergei Samsonov.
10:24 of 3rd period - David Legwand wins face-off versus Mattias Weinhandl in Nordiques zone.
10:25 of 3rd period - Snap shot by Daniel Alfredsson.
10:25 of 3rd period - Shot Misses the Net.
10:27 of 3rd period - Slapshot by Lasse Kukkonen.
10:27 of 3rd period - Deflect By Dany Heatley.
10:27 of 3rd period - Stopped by Jean-Sébastien Giguère without a rebound.
10:28 of 3rd period - Brooks Laich wins face-off versus David Legwand in Nordiques zone.
11:05 of 3rd period - Slapshot by Markus Naslund.
11:05 of 3rd period - Stopped by Jean-Sébastien Giguère with a rebound.
11:57 of 3rd period - Wrist shot by Dany Heatley.
11:57 of 3rd period - Shot Misses the Net.
12:52 of 3rd period - Minor Penalty to Ted Purcell for Holding.
12:53 of 3rd period - Dany Heatley wins face-off versus Tyler Arnason in Sharks zone.
13:44 of 3rd period - Off-side.
13:45 of 3rd period - Kyle Wellwood wins face-off versus Jeff Halpern in neutral zone.
14:45 of 3rd period - Peter Prucha is hit by Martin Samuelsson and loses puck.
14:52 of 3rd period - Penalty to Ted Purcell is over, Ted Purcell is back on ice.
15:14 of 3rd period - Wrist shot by Ted Purcell.
15:14 of 3rd period - Shot Blocked by Bryan McCabe.
15:42 of 3rd period - Markus Naslund is hit by Nick Schultz and loses puck.
16:11 of 3rd period - Wrist shot by Brooks Laich.
16:11 of 3rd period - Shot Blocked by Alex Pietrangelo.
16:47 of 3rd period - Icing by Matt Ellison.
16:48 of 3rd period - Antoine Vermette wins face-off versus Jordan Eberle in Nordiques zone.
17:03 of 3rd period - Wrist shot by Martin Samuelsson.
17:03 of 3rd period - Stopped by Jean-Sébastien Giguère without a rebound.
17:04 of 3rd period - David Legwand wins face-off versus Rickard Wallin in Nordiques zone.
17:17 of 3rd period - Slapshot by Chris Pronger.
17:17 of 3rd period - Shot Blocked by Francis Bouillon.
17:27 of 3rd period - Minor Penalty to Mattias Weinhandl for Hooking.
17:28 of 3rd period - Brooks Laich wins face-off versus David Legwand in Nordiques zone.
17:45 of 3rd period - Slapshot by Alex Pietrangelo.
17:45 of 3rd period - Stopped by Jean-Sébastien Giguère with a rebound.
18:10 of 3rd period - Tyler Arnason is hit by Daniel Alfredsson and loses puck.
19:27 of 3rd period - Penalty to Mattias Weinhandl is over, Mattias Weinhandl is back on ice.
19:53 of 3rd period - Sharks, Tyler Weiman is pulled from the net.
Goals for this period are 0 for Sharks vs 1 for Nordiques.
Shots for this period are 8 for Sharks vs 6 for Nordiques.
Output by the SimonT Hockey Simulator (STHS) for François Prévost -- Original Page W3C XHTML 1.0 Valid